 Dungeon Crawl Stone Soup version 0.32-a0-128-g77eb882913 (webtiles) character file.

Game seed: 7867147601548664519

1221 fly the Sneak (level 8, -9/64 HPs)
             Began as a Vampire Delver on Feb 8, 2024.
             Killed from afar by Dowan the acid dragon (25 damage)
             ... with a splash of acid
             ... on level 4 of the Dungeon.
             The game lasted 00:10:20 (5517 turns).

fly the Sneak (Vampire Delver)                      Turns: 5517, Time: 00:10:20

Health: -9/64      AC:  2    Str: 11    XL:     8   Next: 23%
Magic:  8/8        EV: 11    Int: 13    God:
Gold:   223        SH:  7    Dex: 17    Spells: 7/7 levels left

rFire   + . .        a - +0 falchion
rCold   . . .        v - +2 buckler
rNeg    . . .        y - +0 leather armour {rF+}
rPois   .            (no helmet)
rElec   .            q - +2 cloak
rCorr   .            (no gloves)
SInv    +            (no boots)
Will    .....        (no amulet)
Stlth   +++          (no ring)
HPRegen 0.50/turn    (no ring)
MPRegen 0.11/turn

%: no passive effects
@: corroded, healing quickly
A: alive, fangs 3, see invisible, vampiric 2
a: Exsanguinate


You were on level 4 of the Dungeon.
You visited 1 branch of the dungeon, and saw 6 of its levels.

You collected 223 gold pieces.

Inventory:

Hand Weapons
 a - a +0 falchion (weapon)
 b - a +0 dagger
Missiles
 s - 4 poisoned darts (quivered)
Armour
 q - a +2 cloak (worn)
 v - a +2 buckler (worn)
 y - a +0 leather armour of fire resistance (worn)
Wands
 g - a wand of digging (3)
 n - a wand of light (2)
 r - a wand of polymorph (10)
Scrolls
 c - a scroll of fog
 d - 2 scrolls of revelation
 e - 2 scrolls of teleportation
 j - 3 scrolls of vulnerability
 k - a scroll of brand weapon
 l - 2 scrolls of enchant weapon
 o - a scroll of blinking
 p - a scroll of amnesia
Potions
 f - a potion of haste
 h - a potion of curing
 m - 2 potions of cancellation {unknown}


   Skills:
 + Level 6.2 Fighting
 + Level 6.3 Long Blades
 - Level 2.1 Dodging
 - Level 7.2 Stealth
 + Level 4.1 Shields


You had 7 spell levels left.
You didn't know any spells.
Your spell library contained the following spells:

 Spells                   Type           Power      Damage    Failure   Level
 Jinxbite                 Hex            0%         N/A       65%         2
 Mercury Vapours          Alch/Air       0%         N/A       65%         2
 Sublimation of Blood     Necr           0%         N/A       65%         2
 Summon Ice Beast         Ice/Summ       0%         N/A       86%         3
 Petrify                  Alch/Erth      0%         N/A       99%         4
 Summon Blazeheart Golem  Fire/Summ      0%         N/A       99%         4
 Irradiate                Conj/Alch      0%         3d11      100%        5
 Summon Forest            Summ/Tloc      0%         N/A       100%        5
 Summon Mana Viper        Hex/Summ       0%         N/A       100%        5
 Yara's Violent Unravell  Hex/Alch       0%         3d3       100%        5
 Eringya's Noxious Bog    Alch           0%         4d6       100%        6
 Starburst                Conj/Fire      0%         6d3       100%        6
 Enfeeble                 Hex            0%         N/A       100%        7
 Monstrous Menagerie      Summ           0%         N/A       100%        7
 Summon Hydra             Summ           0%         N/A       100%        7


Dungeon Overview and Level Annotations

Branches:
Dungeon (6/15)
 Temple: D:4-7

Altars:
Gozag

Annotations:
D:4 Dowan


Innate Abilities, Weirdness & Mutations

Your natural rate of healing is accelerated.
You have razor-sharp teeth.
You have supernaturally acute eyesight. (SInv)
You are afflicted with vampirism and can become a bat while bloodless.


Message History

Aim: Dowan the acid dragon (60% to hit)
You throw a throwing net. The throwing net hits Dowan.
Dowan is caught in the net!
Dowan spits acid at you. The splash of acid hits you!!
Dowan struggles against the net.
You hit Dowan.
Dowan is lightly wounded.
Dowan struggles against the net.
You hit Dowan.
Dowan is lightly wounded.
Dowan struggles against the net.
You strike Dowan from behind! You hit Dowan but do no damage.
Dowan is lightly wounded.
Dowan struggles against the net.
You hit Dowan but do no damage.
Dowan is lightly wounded.
Dowan struggles against the net.
You hit Dowan but do no damage. You bite Dowan.
Dowan is moderately wounded.
Dowan spits acid at you. The splash of acid hits you!! The acid corrodes you!
Dowan struggles against the net.
The net rips apart, and Dowan comes free!
You hit Dowan.
Dowan is moderately wounded.
You hit Dowan.
Dowan is heavily wounded.
Dowan spits acid at you. The splash of acid hits you!
* * * LOW HITPOINT WARNING * * *
Unknown command.
Throw: throwing net
Press: ? - help, Shift-Dir - straight line, f/p - Dowan
Aim: Dowan the acid dragon (heavily wounded, 60% to hit)
You throw a throwing net. The throwing net hits Dowan.
Dowan is caught in the net!
Dowan is heavily wounded.
Dowan spits acid at you. The splash of acid hits you!!
You die...

.... .... #.. .. #..
#.# #.# #.# #.# #.#
#>######.#
#.....##.#####.
#..@........... ...
#...D.....#### #'#
#...........## #.#
#........##..## #.#
#........###(.# #.#
#........# ##)# #.#
#........####.###.#
#>.......#.)..D...##
#........#.....#....


You could see Dowan the acid dragon (caught, catching breath).

Vanquished Creatures
  Duvessa (D:4)
  A black bear (D:5)
  2 phantoms (D:5)
  3 bombardier beetles
  A hound (D:4)
  2 jellies
  3 orc priests
  A sleepcap (D:4)
  A gnoll bouda (D:5)
  Jessica (D:2)
  4 orc wizards
  4 iguanas
  17 gnolls
  An adder (D:3)
  4 ufetubi
  5 dart slugs
  2 ribbon worms
  16 orcs
  4 bats
  4 endoplasms
  5 giant cockroaches
  16 hobgoblins
  3 jackals
  5 quokkas
  5 ball pythons
  2 frilled lizards (D:1)
  4 goblins
  8 kobolds
  3 rats
128 creatures vanquished.

Notes
Turn   | Place    | Note
-------+----------+-------------------------------------------
     0 | D:5      | fly the Vampire Delver began the quest for the Orb.
     0 | D:5      | Reached XP level 1. HP: 17/17 MP: 1/1
     8 | D:5      | Noticed a phantom
    20 | D:5      | Noticed an iguana
    30 | D:4      | Noticed a hound
    51 | D:4      | Killed a hound
    52 | D:4      | Reached XP level 2. HP: 11/24 MP: 2/2
    52 | D:4      | Gained mutation: You are afflicted with vampirism and can
                  | become a bat while bloodless. [Vampire growth]
    52 | D:4      | Reached XP level 3. HP: 13/29 MP: 3/3
   172 | D:4      | Got Kaybrutz's Volume of the Snake and Calefaction
   611 | D:3      | Reached XP level 4. HP: 29/37 MP: 4/4
   759 | D:3      | Reached XP level 5. HP: 42/42 MP: 5/5
  1692 | D:1      | Found a faded altar of an unknown god.
  2406 | D:2      | Reached skill level 1 in Shields
  2556 | D:2      | Noticed Jessica
  2566 | D:2      | Killed Jessica
  2567 | D:2      | Reached XP level 6. HP: 44/49 MP: 6/6
  3528 | D:4      | Reached skill level 5 in Fighting
  3528 | D:4      | Reached skill level 5 in Long Blades
  3731 | D:4      | Noticed Duvessa
  3735 | D:4      | Noticed Dowan
  3747 | D:4      | HP: 2/51 [Duvessa/+0 short sword (7)]
  3754 | D:4      | Killed Duvessa
  3755 | D:4      | Reached XP level 7. HP: 13/56 MP: 7/7
  4090 | D:4      | Dowan changed into Dowan the acid dragon
  4090 | D:4      | Noticed Dowan
  4732 | D:5      | Reached XP level 8. HP: 64/64 MP: 8/8
  5216 | D:6      | Found an opulent altar of Gozag.
  5517 | D:4      | Killed from afar by Dowan the acid dragon

Illustrated notes

Levels and vault maps discovered:
D:1:      pf_arrival_petrified_forest, layout_basic,
          shapermc_ecumenical_altar_ellora
D:2:      layout_loops_ring, uniq_jessica
D:3:      layout_loops_ring, minmay_misc_feat_diagonals,
          kennysheep_generic_room_7
D:4:      layout_basic, uniq_duvessa
D:5:      layout_basic, minmay_misc_feat_encased
D:6:      layout_basic, mainiacjoe_overflow_boulevard,
          mainiacjoe_overflow_large_starburst, lightli_temple_of_fire

Skill      XL: |  1  2  3  4  5  6  7  8 |
---------------+-------------------------+-----
Fighting       | 3 4 5 6 |  6.2
Long Blades    | 3 4 5 6 |  6.3
Shields        | 1 2 3 4 |  4.1
Dodging        | |  2.1
Stealth        | |  7.2

Action                     |  1- 3 |  4- 6 |  7- 9 || total
---------------------------+-------+-------+-------++-------
  Melee: Falchion          |    44 |   295 |   168 ||   507
         Bite              |     5 |    24 |    23 ||    52
         Punch             |     1 |       |       ||     1
         Unarmed           |       |    17 |       ||    17
         Dagger            |       |     6 |    11 ||    17
  Throw: Dart              |       |     6 |     4 ||    10
         Throwing net      |       |       |     2 ||     2
  Evoke: Wand              |       |     6 |     7 ||    13
    Use: Scroll            |     1 |     6 |     4 ||    11
         Potion            |     1 |     4 |       ||     5
   Stab: Sleeping          |     1 |    16 |     3 ||    20
         Distracted        |       |     1 |       ||     1
         Invisible         |       |     1 |     2 ||     3
         Held in net/web   |       |       |     1 ||     1
 Armour: Leather armour    |    26 |   169 |   143 ||   338
         Skin              |       |     4 |       ||     4
  Dodge: Dodged            |    28 |   179 |   118 ||   325
  Block: Buckler           |       |    68 |    91 ||   159

Table legend: (Time is in decaauts)
 A = Elapsed time spent in this place.
 B = Non-inter-level travel time spent in this place.
 C = Inter-level travel time spent in this place.
 D = Time resting spent in this place.
 E = Time spent auto-exploring this place.
 F = Levels seen in this place.
 G = Mean time per level.
                   A        B        C        D        E       F      G
               +--------+--------+--------+--------+--------+-----+--------+
         Total |   5566 |   5334 |    232 |    226 |   3421 |   6 |  927.7 |
       Dungeon |   5566 |   5334 |    232 |    226 |   3421 |   6 |  927.7 |
               +--------+--------+--------+--------+--------+-----+--------+

Top non-repeatable levels by time:
     D:5: 1199 daAuts
     D:4: 1135 daAuts
     D:2: 1061 daAuts
     D:1: 1017 daAuts
     D:3: 954 daAuts
     D:6: 197 daAuts
